Map: 亚历山大港 - 天梯版

Players

Replicant

  • Race: Terran Terran
  • League: Gold

MaNa - Winner!

  • Race: Protoss Protoss
  • League: Master

Event: WESG 2018 Grand Finals

VOD

Have the link to the VOD?

Description

Time

  • Played on: March 11, 2019, 4:39 a.m.
  • Length: 5:21

All games in this series

Show
View Real Time Build Order
Export as new Build Order

Replicant Terran 

Build Orders: Reaper Expand 

Get SALT Encoding   

  12  0:00  SCV  
  13  0:13  SCV  
  14  0:18  Supply Depot  
  14  0:25  SCV  
  15  0:40  SCV  
  15  0:41  Barracks  
  16  0:44  Refinery  
  16  0:52  SCV  
  17  1:04  SCV  
  18  1:16  SCV  
  19  1:28  Reaper, Orbital Command  
  20  1:42  Command Center  
  20  1:55  SCV  
  20  1:56  Supply Depot  
  21  2:02  Marine  
  22  2:12  SCV  
  22  2:14  Factory  
  23  2:20  Marine  
  24  2:25  SCV  
  24  2:26  Refinery  
  25  2:37  Marine, SCV  
  27  2:49  SCV  
  28  2:54  Orbital Command  
  28  2:55  Marine  
  29  3:02  SCV  
  29  3:03  Factory Tech Lab, Starport  
  28  3:14  SCV  
  27  3:20  Barracks Reactor  
  27  3:22  SCV  
  27  3:23  Cyclone  
  27  3:26  SCV  
  32  3:28  Bunker  
  32  3:34  SCV  
  32  3:38  SCV  
  34  3:46  SCV  
  35  3:50  SCV  
  35  3:52  Viking  
  37  3:58  SCV  
  37  4:02  Supply Depot, SCV  
  38  4:07  Hellion x2  
  42  4:10  SCV  
  42  4:14  SCV  
  44  4:21  Supply Depot  
  44  4:22  SCV  
  44  4:24  Medivac  
  47  4:27  SCV  
  47  4:30  Hellion x2  
  52  4:35  SCV  
  53  4:39  SCV  
  54  4:47  SCV  
  54  4:51  SCV  
  53  4:59  Hellion x2, Marauder, SCV  
  57  5:03  SCV  
  57  5:06  Supply Depot  
Show
View Real Time Build Order
Export as new Build Order

MaNa Protoss - Winner!

Build Orders: 1 Gate Expand 

Get SALT Encoding   

  12  0:00  Probe  
  13  0:12  Probe  
  14  0:23  Pylon  
  14  0:24  Probe  
  15  0:37  Probe  
  15  0:41  Gateway  
  16  0:45  Probe  
  16  0:49  Assimilator  
  17  0:55  Probe  
  18  1:07  Probe  
  19  1:19  Probe  
  20  1:28  Cybernetics Core  
  20  1:37  Nexus  
  20  1:45  Assimilator  
  20  1:50  Pylon  
  20  1:53  Probe  
  21  1:55  Adept  
  21  2:06  Probe  
  23  2:11  Warp Gate  
  23  2:19  Robotics Facility  
  23  2:21  Stalker  
  24  2:22  Probe  
  24  2:35  Probe  
  27  2:43  Shield Battery  
  27  2:46  Probe  
  27  2:47  Probe  
  29  2:54  Probe  
  30  2:59  Probe  
  30  3:04  Probe  
  31  3:07  Observer  
  31  3:08  Stalker  
  31  3:11  Probe  
  36  3:16  Probe  
  37  3:20  Warp Prism  
  37  3:24  Probe  
  36  3:28  Probe  
  36  3:33  Gateway  
  39  3:41  Gateway  
  39  3:46  Probe x2  
  41  3:58  Probe  
  41  3:59  Probe  
  41  4:00  Pylon  
  43  4:02  Stalker  
  43  4:04  Observer  
  43  4:08  Pylon  
  46  4:18  Probe x2  
  47  4:26  Stalker  
  47  4:31  Probe x2  
  49  4:33  Stalker  
  50  4:43  Probe x2  
  52  4:55  Probe x2  
  52  4:56  Stalker x3  
  60  5:07  Probe x2  
Tags
 
Add a new tag
Caveats
  • Supply blocks, unpowered buildings, or Contaminate may cause inaccurate times.
  • Supply counts are checked every 10 seconds.